cohdb
Replays
Latest Replays
All Replays
Popular Replays
Top Player Replays
Match Explorer
How It Works
Community
CoH3 Stats
Reddit
Sign in to upload your games and track your stats! →
Sign in with Steam
Match 45716379
Unlisted
Match 45716379
Overview
Messages
Build Orders
End
Panzerpioneer Squad
Panzergrenadier Squad
250 Light Carrier
Panzergrenadier Squad
Construct Light Support Kompanie
Fire Support Elements
2.5-tonne Medical Truck
Pak 38 Anti-tank Gun Team
Construct Mechanized Kompanie
Selects Panzerjäger Kommand Battlegroup
Selects Mine Fields
Selects Early Warning
Selects Butterfly Bomb Drop
Butterfly Bomb Drop
Selects Tank Busters
StuG III D Assault Gun
StuG III D Assault Gun
Emergency Repair Kits
Vehicle Survival Package
Butterfly Bomb Drop
Rapid Advance
mi prima de Cifuentes
GG Shermi
Safety First
김문상
Alc.Mit0Lu
4IRT
-97
CaptureTheSwag
0
0
Comments
sign in to comment!
No comments posted yet!